 Dungeon Sprint DCSS version 0.24.0-1-gfbc8707 (webtiles) character file.

Game seed: 11830749771544869708, levelgen mode: deterministic

13475 Fang the Warrior (level 12, -1/132 HPs)
             Began as a Gargoyle Berserker on Nov 6, 2019.
             Was the Champion of Trog.
             Killed from afar by a crystal guardian (63 damage)
             ... with a crystal bolt
             ... in the Dungeon (Sprint V: "Ziggurat Sprint").
             The game lasted 00:06:31 (812 turns).

Fang the Warrior (Gargoyle Berserker)                Turns: 812, Time: 00:06:32

Health: -1/132     AC: 39    Str: 44    XL:     12   Next: 6%
Magic:  12/12      EV:  8    Int:  7    God:    Trog [******]
Gold:   0          SH: 34    Dex:  9    Spells: 11/11 levels left

rFire    . . .     SeeInvis .   a - +5 broad axe (chop)
rCold    . . .     Gourm    .   E - +18 shield of the Gong {rElec rN+ MR+ EV-5}
rNeg     + + .     Faith    .   b - +15 Maxwell's patent armour {-Cast -Tele rElec MR+ rCorr}
rPois    ∞         Spirit   .   (no helmet)
rElec    +         Reflect  .   (no cloak)
rCorr    +         Harm     .   (no gloves)
MR       ++...     NoTele   +   (no boots) Stlth ..........NoCast +
                                (no amulet)
HPRegen  0.32/turn              D - +6 ring of strength
MPRegen  0.13/turn              C - +6 ring of strength

@: berserking, very quick
A: negative energy resistance 1, electricity resistance, unbreathing,
petrification resistance, rot immunity, AC +8
a: Berserk, Trog's Hand, Brothers in Arms, Renounce Religion


You were in the Dungeon.
You worshipped Trog.
Trog was exalted by your worship.
You were hungry.

You visited 1 branch

Inventory:

Hand Weapons
 a - a +5 broad axe of chopping (weapon)
Armour
 b - the +15 Maxwell's patent armour (worn) {-Cast -Tele rElec MR+ rCorr}
   (You found it in the Dungeon)

   It insulates you from electricity.
   It affects your resistance to hostile enchantments.
   It prevents spellcasting.
   It prevents most forms of teleportation.
   It provides partial protection from all sources of acid and corrosion.
 E - the +18 shield of the Gong (worn) {rElec rN+ MR+ EV-5}
   (You found it in the Dungeon)

   It affects your evasion (-5).
   It insulates you from electricity.
   It protects you from negative energy.
   It affects your resistance to hostile enchantments.
Jewellery
 y - an uncursed ring of protection from magic
 z - an uncursed ring of protection from cold
 A - a +5 ring of strength
 B - a +5 ring of dexterity
 C - a +6 ring of strength (right hand)
 D - a +6 ring of strength (left hand)
 F - an uncursed ring of protection from cold
 G - an uncursed ring of resist corrosion
 H - an uncursed ring of protection from fire
 I - an uncursed ring of protection from magic
 J - the ring "Focsalim" {Ice MR++}
   (You found it in the Dungeon)

   [ring of ice]

   It enhances your ice magic.
   It makes you vulnerable to fire.
   It protects you from cold.
   It affects your resistance to hostile enchantments.
 K - an uncursed amulet of rage
 L - an uncursed ring of stealth
Wands
 u - a wand of disintegration (7)
 v - a wand of iceblast (7)
 w - a wand of acid (7)
Scrolls
 i - 4 scrolls of blinking
 j - 7 scrolls of fog
 k - a scroll of holy word
 l - 5 scrolls of identify
 m - 5 scrolls of remove curse
 n - 2 scrolls of fear
Potions
 d - 10 potions of curing
 e - 10 potions of heal wounds
 f - 6 potions of haste
 g - 7 potions of magic
 h - 3 potions of berserk rage
 o - 2 potions of brilliance
 p - 2 potions of invisibility
 q - 4 potions of resistance
 r - a potion of experience
 s - 5 potions of agility
 t - 5 potions of might
Comestibles
 c - 7 rations
 x - 12 chunks of flesh


   Skills:
 * Level 16.0 Fighting
 * Level 13.8 Axes
 + Level 11.7 Armour
 + Level 9.2 Dodging
 * Level 15.8 Shields


You had 11 spell levels left.
You didn't know any spells.
Your spell library was empty.

Dungeon Overview and Level Annotations

Branches:
Dungeon (1/1)

Altars:
Ashenzari
Cheibriados
Dithmenos
Elyvilon
Fedhas
Gozag
Hepliaklqana
Kikubaaqudgha
Makhleb
Nemelex Xobeh
Okawaru
Qazlal
Ru
Sif Muna
Trog
Uskayaw
Vehumet
Wu Jian
Xom
Yredelemnul
Zin
The Shining One
Beogh
Jiyva
Lugonu

Annotations:
D 1 transporter


Innate Abilities, Weirdness & Mutations

You are resistant to torment.
Your stone body is resilient. (AC +8)
You are immune to poison.
You resist negative energy. (rN+)
You are resistant to electric shocks. (rElec)
You can survive without breathing.
You are immune to petrification.
You are immune to rotting.


Message History

The crystal guardian glitters, brittle, in the dim dungeon light.
The crystal guardian fires a crystalline bolt at you.
The crystal bolt burns you!!!
The crystal guardian glitters, brittle, in the dim dungeon light.
Found seven items.
The crystal guardian fires a crystalline bolt at you.
The crystal bolt misses you.
The crystal guardian fires a crystalline bolt at you.
The crystal bolt burns you.
Found a transporter.
Level annotation: 1 transporter Welcome back, Fang the Gargoyle Berserker.
Trog says: Kill them all!
Press ? for a list of commands and other information.
A red film seems to cover your vision as you go berserk!
You feel yourself moving faster!
You feel mighty!
You are feeling hungry.
The crystal guardian fires a crystalline bolt at you.
The crystal bolt freezes you!!!
You die...

▓.▓.|...▓.▓
▓....8©8....▓..÷)©....▓
▓..=|)[[[[..▓▓▓▓▓▓▓▓▓▓▓
▓...}E)E)...▓...8©8...▓
▓....EE8.88.▓..:).}}..▓
▓..98.C.....▓...)|}...▓
▓.....88....▓.....)...▓
▓...........▓.....)...▓
▓..@..▓ ▓.....)...▓
▓▓...▓▓ ▓.....)...▓
▓..▓.....▓..▓.▓..)).▓.▓
▓.....©.....▓....©....▓
▓▓▓▓▓▓▓▓▓▓▓▓▓▓▓▓▓▓▓▓▓▓▓
▓...8©8...▓...8©8...▓..
▓....}.:).▓..):)|[..▓..
▓....:)|..▓..}).[}..▓..
▓.........▓.........▓..


You could see 2 iron golems, a stone giant, 4 crystal guardians, 4 earth
elementals and a gargoyle.

Vanquished Creatures
  A spriggan air mage (D)
  A naga warrior (D)
  An anaconda (D)
  3 dancing weapons (D)
  A satyr (D)
  A spriggan berserker (D)
  2 deep elf knights (D)
  A shining eye (D)
  A faun (D)
  4 deep elf magi (D)
  A large abomination (D)
  A black mamba (D)
  A guardian serpent (D)
  A naga mage (D)
  2 dryads (D)
  A guardian mummy (D)
  A jumping spider (D)
  A wind drake (D)
  4 merfolk (D)
  A hornet (D)
  2 spriggans (D)
  2 air elementals (D)
  A tarantella (D)
  A water elemental (D)
  A golden eye (D)
  A yak (D)
  A fire elemental (D)
  2 nagas (D)
  3 floating eyes (D)
  A water moccasin (D)
  2 hell hounds (D)
  2 black bears (D)
  An eye of draining (shapeshifter) (D)
  4 wolves (D)
  A small abomination (D)
  4 scorpions (D)
  A crimson imp (D)
  2 jellies (D)
  2 mummies (D)
  An adder (D)
  2 white imps (D)
  2 oozes (D)
  A ball python (D)
  2 bat zombies (D)
  A giant cockroach zombie (D)
  A butterfly (D)
74 creatures vanquished.

Vanquished Creatures (others)
  A giant cockroach zombie (D)
1 creature vanquished.

Grand Total: 75 creatures vanquished

Notes
Turn   | Place    | Note
-------+----------+-------------------------------------------
     0 | D        | Fang the Gargoyle Berserker began the quest for the Orb.
     0 | D        | Reached XP level 1. HP: 14/14 MP: 1/1
     0 | D        | Found a blossoming altar of Fedhas.
     1 | D        | Found the +6 Majin-Bo {vamp, Archmagi MP+6 Int+6}
     1 | D        | Found the +7 great mace "Firestarter" {inner flame, rF++}
     1 | D        | Found a transporter.
     1 | D        | Found a viscous altar of Jiyva.
     1 | D        | Found an ancient bone altar of Kikubaaqudgha.
     1 | D        | Found a hazy altar of Hepliaklqana.
     1 | D        | Found a corrupted altar of Lugonu.
     1 | D        | Found an opulent altar of Gozag.
     1 | D        | Found a burning altar of Makhleb.
    18 | D        | Found an iron altar of Okawaru.
    18 | D        | Found a stormy altar of Qazlal.
    18 | D        | Found a sparkling altar of Nemelex Xobeh.
    18 | D        | Found a sacrificial altar of Ru.
    18 | D        | Found a shimmering blue altar of Sif Muna.
    24 | D        | Found the +9 heavy crossbow "Sniper" {velocity, Acc+∞ SInv}
    24 | D        | Found the +10 dark maul {crush}
    24 | D        | Found the +15 Maxwell's patent armour {-Cast -Tele rElec
                  | MR+ rCorr}
    24 | D        | Found the +18 shield of the Gong {rElec rN+ MR+ EV-5}
    24 | D        | Found the cursed +14 obsidian axe {chop, +Fly SInv *Curse}
    30 | D        | Found a bloodstained altar of Trog.
    73 | D        | Entered arena 2.
    73 | D        | Noticed a scorpion
    73 | D        | Noticed a tarantella
    73 | D        | Found a transporter.
    74 | D        | Found the +5 robe of Night {Dark MR+ SInv}
    77 | D        | Killed a scorpion
    77 | D        | Reached skill level 5 in Fighting
    77 | D        | Reached XP level 2. HP: 21/21 MP: 2/2
    77 | D        | Reached XP level 3. HP: 26/26 MP: 3/3
    80 | D        | Killed a tarantella
    80 | D        | Reached skill level 7 in Fighting
    80 | D        | Reached skill level 5 in Axes
    80 | D        | Reached XP level 4. HP: 34/34 MP: 4/4
    80 | D        | Reached XP level 5. HP: 38/38 MP: 5/5
   135 | D        | Entered arena 3.
   135 | D        | Noticed a guardian mummy
   135 | D        | Found a transporter.
   136 | D        | Found the +7 lajatang of Order {silver, rMut}
   141 | D        | Reached ** piety under Trog
   142 | D        | Killed a guardian mummy
   142 | D        | Reached skill level 8 in Fighting
   142 | D        | Reached skill level 5 in Armour
   142 | D        | Reached XP level 6. HP: 45/45 MP: 6/6
   142 | D        | Reached XP level 7. HP: 50/50 MP: 7/7
   251 | D        | Entered arena 4.
   251 | D        | Noticed a jumping spider
   251 | D        | Found a transporter.
   255 | D        | Killed a jumping spider
   255 | D        | Reached skill level 9 in Fighting
   255 | D        | Reached skill level 5 in Dodging
   255 | D        | Reached *** piety under Trog
   270 | D        | Entered arena 5.
   270 | D        | Noticed a merfolk
   270 | D        | Noticed a merfolk
   270 | D        | Noticed a merfolk
   270 | D        | Noticed a merfolk
   270 | D        | Found a transporter.
   273 | D        | Killed a merfolk
   273 | D        | Reached skill level 10 in Fighting
   273 | D        | Reached XP level 8. HP: 57/57 MP: 8/8
   277 | D        | Killed a merfolk
   277 | D        | Reached **** piety under Trog
   277 | D        | Reached skill level 10 in Shields
   278 | D        | Killed a merfolk
   281 | D        | Killed a merfolk
   281 | D        | Reached skill level 11 in Fighting
   323 | D        | Entered arena 6.
   323 | D        | Noticed a large abomination
   323 | D        | Found a transporter.
   328 | D        | Reached ***** piety under Trog
   328 | D        | Reached XP level 9. HP: 64/64 MP: 9/9
   328 | D        | Killed a large abomination
   374 | D        | Entered arena 7.
   374 | D        | Noticed a deep elf mage
   374 | D        | Noticed a deep elf knight
   374 | D        | Noticed a deep elf knight
   374 | D        | Noticed a +3 mace of protection
   375 | D        | Found a transporter.
   378 | D        | Killed a +3 mace of protection
   378 | D        | Reached skill level 12 in Fighting
   378 | D        | Reached skill level 10 in Axes
   385 | D        | Killed a deep elf knight
   386 | D        | Killed a deep elf mage
   386 | D        | Received a gift from Trog
   394 | D        | Killed a deep elf knight
   394 | D        | Reached XP level 10. HP: 38/72 MP: 1/10
   538 | D        | Entered arena 8.
   542 | D        | Reached ****** piety under Trog
   550 | D        | Found a transporter.
   561 | D        | Entered arena 9.
   566 | D        | Received a gift from Trog
   566 | D        | Reached skill level 13 in Fighting
   575 | D        | Found a transporter.
   594 | D        | Entered arena 10.
   594 | D        | Noticed a +1 scimitar of holy wrath
   594 | D        | Noticed a deep elf mage
   594 | D        | Noticed a deep elf mage
   594 | D        | Noticed a +0 hand axe of chopping
   594 | D        | Noticed a deep elf mage
   595 | D        | Found a transporter.
   597 | D        | Killed a +0 hand axe of chopping
   597 | D        | Received a gift from Trog
   598 | D        | Killed a deep elf mage
   599 | D        | Killed a +1 scimitar of holy wrath
   600 | D        | Killed a deep elf mage
   600 | D        | Reached skill level 10 in Armour
   605 | D        | Killed a deep elf mage
   605 | D        | Received a gift from Trog
   661 | D        | Entered arena 11.
   661 | D        | Noticed a shining eye
   662 | D        | Found a transporter.
   665 | D        | Reached skill level 14 in Fighting
   666 | D        | Received a gift from Trog
   668 | D        | Received a gift from Trog
   668 | D        | Reached XP level 11. HP: 80/80 MP: 11/11
   671 | D        | Killed a shining eye
   684 | D        | Entered arena 12.
   684 | D        | Noticed a naga warrior
   684 | D        | Noticed an anaconda
   691 | D        | Killed an anaconda
   694 | D        | Killed a naga warrior
   694 | D        | Received a gift from Trog
   694 | D        | Reached skill level 15 in Fighting
   696 | D        | Found a transporter.
   737 | D        | Entered arena 13.
   737 | D        | Noticed a spriggan berserker
   737 | D        | Noticed a satyr
   737 | D        | Noticed a faun
   738 | D        | Noticed a spriggan rider
   738 | D        | Noticed a spriggan air mage
   740 | D        | Found a transporter.
   742 | D        | Killed a spriggan berserker
   742 | D        | Reached skill level 15 in Shields
   745 | D        | Killed a faun
   745 | D        | Received a gift from Trog
   752 | D        | Killed a spriggan air mage
   761 | D        | Killed a satyr
   763 | D        | Received a gift from Trog
   765 | D        | Killed a spriggan rider
   765 | D        | Reached XP level 12. HP: 88/88 MP: 12/12
   765 | D        | Reached skill level 16 in Fighting
   790 | D        | Got the ring "Focsalim" {Ice MR++}
   808 | D        | Entered arena 14.
   809 | D        | Noticed an iron golem
   809 | D        | Noticed a stone giant
   809 | D        | Noticed an iron golem
   809 | D        | Noticed a crystal guardian
   809 | D        | Noticed a crystal guardian
   809 | D        | Noticed a crystal guardian
   809 | D        | Noticed a crystal guardian
   811 | D        | Found a transporter.
   812 | D        | Killed from afar by a crystal guardian

Levels and vault maps discovered:
D:        sprint_v [room_start, room_1, room_2, room_3, room_4, room_5, room_6,
          room_7, room_8, room_9, room_10, room_11, room_12, room_13, room_14,
          room_15, room_16, room_17, room_18, room_19, room_20, room_21,
          room_22, room_23, room_24, room_25, room_26, room_27]

Skill      XL: |  1  2  3  4  5  6  7  8  9 10 11 12 |
---------------+-------------------------------------+-----
Fighting       | 5 7 8 10 11 12 14 15 16 | 16.0
Axes           | 4 5 7 8 9 10 12 13 | 13.8
Armour         | 3 4 5 7 9 10 11 | 11.7
Dodging        | 2 3 4 5 6 7 9 |  9.2
Shields        | 3 6 7 9 10 12 13 15 | 15.8

Action                   |  1- 3 |  4- 6 |  7- 9 | 10-12 || total
-------------------------+-------+-------+-------+-------++-------
Melee: Broad axe         |     6 |     4 |    37 |    67 ||   114
Invok: Berserk           |     1 |     1 |     3 |     4 ||     9
  Use: Scroll            |       |       |     2 |       ||     2
  Eat: Chunk             |       |       |     1 |     6 ||     7
Armor: Plate armour      |     2 |     2 |    12 |    38 ||    54
Dodge: Dodged            |       |       |     2 |    11 ||    13
Block: Shield            |     7 |     4 |    43 |    94 ||   148
